 Dungeon Crawl Stone Soup version 0.29.0-5-ge4962eb29e (webtiles) character file.

Game seed: 10849593950892961390

27 ProzacElf the Ducker (level 2, -10/20 HPs)
             Began as a Minotaur Air Elementalist on Aug 29, 2022.
             Was a Believer of Lugonu.
             Mangled by Crazy Yiuf
             ... wielding a +4 quarterstaff of chaos
              (13 damage)
             ... on level 2 of the Dungeon.
             The game lasted 00:02:16 (1555 turns).

ProzacElf the Ducker (Minotaur Air Elementalist)    Turns: 1555, Time: 00:02:17

Health: -10/20     AC:  5    Str: 12    XL:     2   Next: 93%
Magic:  3/3        EV: 11    Int: 12    God:    Lugonu [**....]
Gold:   60         SH:  0    Dex: 10    Spells: 0/3 levels left

rFire   . . .      SeeInvis .   b - +1 short sword (freeze)
rCold   . . .      Faith    .   (no shield)
rNeg    . . .      Spirit   .   e - +0 ring mail
rPois   .          Reflect  .   (helmet restricted)
rElec   .          Harm     .   (no cloak)
rCorr   .          Rampage  .   (no gloves)
Will    .....                   (no boots)
Stlth   +.........              (no amulet)
HPRegen 0.06/turn               p - ring of wizardry
MPRegen 0.08/turn               (no ring)

@: lethally poisoned (-10 -> -19), attractive
A: horns 2, retaliatory headbutt
a: Renounce Religion, Depart the Abyss, Bend Space


You were on level 2 of the Dungeon.
You worshipped Lugonu.
Lugonu was pleased with you.
You visited 1 branch of the dungeon, and saw 2 of its levels.

You collected 60 gold pieces.

Inventory:

Hand Weapons
 b - a +1 short sword of freezing (weapon)
 c - a +0 club
Armour
 a - a +0 robe
 e - a +0 ring mail (worn)
Jewellery
 p - a ring of wizardry (left hand)
Scrolls
 d - a scroll of fear {unknown}
 f - a scroll of vulnerability {unknown}
 k - a scroll of immolation {unknown}
 m - 2 scrolls of identify {unknown}
Potions
 g - a potion of magic
 h - a potion of flight {unknown}
 i - a potion of brilliance {unknown}
 j - a potion of lignification {unknown}
 l - a potion of curing {unknown}
 n - a potion of haste {unknown}
 o - a potion of degeneration {unknown}
 q - a potion of attraction


   Skills:
 + Level 3.1 Dodging
 + Level 2.4 Stealth
 - Level 1.3 Spellcasting
 - Level 0.6 Conjurations
 - Level 2.1 Air Magic


You couldn't memorise any spells.
You knew the following spells:

 Your Spells              Type           Power      Damage    Failure   Level
a - Shock                 Conj/Air       16%        1d4       16%         1
b - Static Discharge      Conj/Air       4%         3-4/arc   22%         2

Your spell library contained the following spells:

 Spells                   Type           Power      Damage    Failure   Level
 Swiftness                Air            6%         N/A       32%         3
 Airstrike                Air            3%         2d(1-17)  69%         4


Dungeon Overview and Level Annotations

Branches:
Dungeon (2/15)

Altars:
Lugonu

Shops:
D:2 :

Annotations:
D:2 Crazy Yiuf


Innate Abilities, Weirdness & Mutations

You have a pair of horns on your head.
You reflexively headbutt those who attack you in melee.


Message History

o - a gold'n potion
p - a rin' o' wizardry
p - a rin' o' wizardry (left hand)
Found a stone staircase leadin' up.
Found a faded altar o' an unknown god.
Memorise Static Discharge, consumin' 2 spell levels an' leavin' 0?
Ye start memorisin' tha spell.
Ye continue memorisin'. x2
Ye finish memorisin'.
Spell assign'd ta 'b'.
Found 2 gre'n potions.
Thar be a faded altar o' an unknown god 'ere.
Ye cannae tell which god 'tis altar belongs ta.
Convert ta 'em anyway?
Lugonu accepts yer prayer!
Lugonu welcomes ye!
Ye can now depart tha Abyss.
Ye can now bend space around yerself.
q - 2 gre'n potions Thar be a stone staircase leadin' down 'ere.
Ye op'n tha door.
Thar be an op'n door 'ere.
Found a hammer.
Found a run'd translucent door.
As ye op'n tha door, it creaks loudly!
Crazy Yiuf shouts!
Thar be an op'n translucent door 'ere.
Ye hit Crazy Yiuf but do nay damage.
Crazy Yiuf misses ye.
Ye hit Crazy Yiuf.
Ye freeze Crazy Yiuf.
Crazy Yiuf be moderately wounded.
Crazy Yiuf hits ye wit' a +4 quarterstaff o' chaos!
Ouch! Tha re'lly hurt!
Ye be leth'lly poison'd!
Ye take 11 damage, an' haf 9/20 hp.
MASSIVE DAMAGE!!
Crazy Yiuf attacks as ye move away!
Crazy Yiuf barely misses ye.
* * * LOW HITPOINT WARNIN'
* * * Ye feel very sick.
Crazy Yiuf screams, "Aardvark!
Key snail aubergine."
Ye take 3 damage, an' haf 6/20 hp.
It was a potion o' attraction.
Ye feel attractive ta monsters.
* * * LOW HITPOINT WARNIN'
* * * Ye feel very sick.
Crazy Yiuf hits ye wit' a +4 quarterstaff o' chaos!
Ouch! Tha re'lly hurt!
Ye die...

##### #####
#...# #)..#
#...###### #...#
#...#....###
#...#
#........... #g#
#...#....###
♣@♣♣ #...#....#
♣♣.♣ #...#....#
♣.♣♣
#...#....###
♣♣.♣
#...#.......
♣♣.♣♣
#####....###
♣♣PP.♣ #....#
♣..P.♣ #....# #
##..##
#######.## #
#....###'....#.#
#


You could see Crazy Yiuf.

Vanquished Creatures
  2 ball pythons
  2 endoplasms
  2 giant cockroaches (D:1)
  A hobgoblin (D:2)
  4 jackals (D:1)
  A bat (D:1)
  3 frilled lizards
  3 goblins (D:1)
  5 kobolds
  A rat (D:1)
24 creatures vanquished.

Notes
Turn   | Place    | Note
-------+----------+-------------------------------------------
     0 | D:1      | ProzacElf the Minotaur Air Elementalist began the quest for
                  | the Orb.
     0 | D:1      | Reached XP level 1. HP: 14/14 MP: 1/1
   313 | D:1      | Reached XP level 2. HP: 13/20 MP: 3/3
   915 | D:1      | Reached skill level 3 in Dodging
  1101 | D:2      | Found Xaeptana's Book Shop.
  1411 | D:2      | Found a faded altar of an unknown god.
  1415 | D:2      | Learned a level 2 spell: Static Discharge
  1421 | D:2      | Prayed at the altar of an unknown god.
  1421 | D:2      | Became a worshipper of Lugonu the Unformed
  1421 | D:2      | Reached * piety under Lugonu
  1421 | D:2      | Reached ** piety under Lugonu
  1546 | D:2      | Found a runed translucent door.
  1547 | D:2      | Noticed Crazy Yiuf
  1555 | D:2      | Mangled by Crazy Yiuf

Illustrated notes

Levels and vault maps discovered:
D:1:      minmay_arrival_three_doors, layout_loops_cross, minivault_24
D:2:      layout_basic, serial_shops, shop, ebering_ecumenical_altar_webs,
          uniq_robin, uniq_crazy_yiuf_cottage

Skill      XL: |  1  2 |
---------------+-------+-----
Stealth        | 2 |  2.4
Dodging        | 3 |  3.1
Spellcasting   | |  1.3
Conjurations   | |  0.6
Air Magic      | |  2.1

Action                   || total
-------------------------++-------
Melee: Short sword       ||    51
       Club              ||     5
       Headbutt          ||     6
       Unarmed           ||     2
 Cast: Shock             ||     1
  Use: Potion            ||     1
 Stab: Sleeping          ||     1
Armor: Ring mail         ||    24
       Robe              ||     1
Dodge: Dodged            ||    35
